 Dungeon Crawl Stone Soup version 0.31-a0-246-g8cbcc1cb85 (webtiles) character file.

Game seed: 5732768471159270831

109 qw the Shooter (level 4, -2/26 HPs)
             Began as a Gargoyle Hexslinger on July 12, 2023.
             Killed from afar by Natasha (7 damage)
             ... with a magic dart
             ... on level 2 of the Dungeon.
             The game lasted 00:00:32 (1376 turns).

qw the Shooter (Gargoyle Hexslinger)                Turns: 1376, Time: 00:00:32

Health: -2/26      AC:  5    Str: 11    XL:     4   Next: 89%
Magic:  5/5        EV: 12    Int: 14    God:
Gold:   64         SH:  0    Dex: 14    Spells: 4/5 levels left

rFire   + . .        Y - +1 sling
rCold   . . .        (no shield)
rNeg    + . .        c - +0 robe
rPois   inf          (no helmet)
rElec   +            (no cloak)
rCorr   .            (no gloves)
SInv    .            (no boots)
Will    .....        (no amulet)
Stlth   +            g - ring of protection from fire
HPRegen 0.24/turn    (no ring)
MPRegen 0.09/turn

%: no passive effects
@: slowed, very slow
A: sickness immunity, AC +3, negative energy resistance 1, electricity
resistance, torment resistance 1, petrification resistance
a: no special abilities


You were on level 2 of the Dungeon.
You visited 1 branch of the dungeon, and saw 2 of its levels.

You collected 64 gold pieces.


Innate Abilities, Weirdness & Mutations

You are immune to sickness and miasma.
Your stone body is resilient. (AC +3)
You are immune to poison.
You resist negative energy. (rN+)
You are resistant to electric shocks. (rElec)
You are resistant to unholy torment.
You are immune to petrification.


   Skills:
 - Level 2.0 Fighting
 + Level 4.6 Ranged Weapons
 - Level 1.5 Dodging
 - Level 1.0 Spellcasting
 - Level 2.6 Hexes


You had 4 spell levels left.
You knew the following spells:

 Your Spells              Type           Power      Damage    Failure   Level
a - Slow                  Hex            32%        N/A       9%          1

Your spell library contained the following spells:

 Spells                   Type           Power      Damage    Failure   Level
 Inner Flame              Hex/Fire       4%         N/A       41%         3
 Portal Projectile        Hex/Tloc       8%         N/A       41%         3
 Cause Fear               Hex            4%         N/A       65%         4

Inventory:

Hand Weapons
 Y - a +1 sling (weapon)
Armour
 c - a +0 robe (worn)
 i - a +0 leather armour
Jewellery
 g - a ring of protection from fire (left hand)
Scrolls
 a - a scroll of identify
 b - a scroll of noise {unknown}
 f - a scroll of teleportation {unknown}
Potions
 d - a potion of cancellation
 e - a potion of mutation {unknown}
 h - a potion of curing

Dungeon Overview and Level Annotations

Branches:
Dungeon (2/15)

Altars:

Annotations:
D:2 Natasha


Message History

Enter note:
Enter note:
Enter note: You shoot a sling bullet.
The sling bullet hits Natasha.
Natasha is moderately wounded.
The rat twitches its whiskers.
Natasha stares at you and mumbles some strange words.
You feel yourself slow down.
You shoot a sling bullet. The sling bullet barely misses Natasha.
You shoot a sling bullet. The sling bullet hits Natasha.
Natasha is moderately wounded.
You shoot a sling bullet. The sling bullet barely misses Natasha.
Natasha claws you!
Natasha mumbles some strange words.
You feel disoriented. Natasha barely misses you.
You shoot a sling bullet.
The sling bullet hits Natasha but does no damage.
Natasha is moderately wounded.
Natasha barely misses you. Natasha casts a spell at you.
The magic dart hits you!
You shoot a sling bullet. The sling bullet barely misses Natasha.
Natasha barely misses you.
Natasha stares at you and mumbles some strange words.
You resist with some effort.
You shoot a sling bullet. The sling bullet hits Natasha.
Natasha is heavily wounded.
Natasha claws you.
You shoot a sling bullet.
The sling bullet hits Natasha but does no damage.
Natasha is heavily wounded.
Natasha closely misses you. Natasha claws you but does no damage.
You shoot a sling bullet. The sling bullet barely misses Natasha.
Natasha claws you. Natasha closely misses you.
You shoot a sling bullet.
The sling bullet closely misses Natasha.
Natasha casts a spell at you. The magic dart hits you!
You die...

#.#.##### .....##########........
.................####.
...######.#.##### #.
..##..%....########.
..#.###.#.......... #.
#r#.#.....########.
#########.#...#h#%#.#.##########.
................@...........>....
......%......)###?#.#.#.#.##.###.
#################.#.#.# #.##.# #.
###.............#.# #.# #.##.# #.
..#.###########.#.# #.#.##.# #.
..#)# #.#.# #.#.##.# ## ..#.#
#.#.# #.#.##.# ..#.# #.#.#
#.#.##.# ..#.# #.#.# #.%....#


You could see Natasha and a rat.

Vanquished Creatures
  Jessica (D:2)
  Natasha (D:2)
  2 adders (D:2)
  3 worms (D:2)
  3 dart slugs
  A bat (D:2)
  2 endoplasms (D:1)
  5 hobgoblins
  3 kobolds
  3 quokkas (D:2)
  2 ball pythons (D:2)
  2 frilled lizards (D:2)
28 creatures vanquished.

Notes
Turn   | Place    | Note
-------+----------+-------------------------------------------
     0 | D:1      | qw the Gargoyle Hexslinger began the quest for the Orb.
     0 | D:1      | Reached XP level 1. HP: 12/12 MP: 2/2
     0 | D:1      | 0 ||| qw: Version: 0.3-a-52-g30416fa
     0 | D:1      | 0 ||| qw: Game counter: 6374
     0 | D:1      | 0 ||| qw: Melee chars always use a shield: true
     0 | D:1      | 0 ||| qw: God list: Okawaru
     0 | D:1      | 0 ||| qw: Allow faded altars: false
     0 | D:1      | 0 ||| qw: Do Orc after clearing Dungeon:15 true
     0 | D:1      | 0 ||| qw: Do second Lair branch before Depths: true
     0 | D:1      | 0 ||| qw: Lair rune preference: random
     0 | D:1      | 0 ||| qw: Goals: Normal
     0 | D:1      | 0 ||| PLANNING D:1-11
   342 | D:1      | Found a faded altar of an unknown god.
   476 | D:1      | Reached XP level 2. HP: 16/16 MP: 3/3
   663 | D:1      | 663 ||| UPGRADING to ring of protection from fire.
   664 | D:1      | 664 ||| READING 3 scrolls labelled AMPUWE YQAUHO.
   665 | D:1      | 665 ||| READING scroll labelled RYXUEGR FOVIFE.
   666 | D:1      | 666 ||| READING scroll labelled GELUFA GAIPNOS.
   667 | D:1      | 667 ||| DRINKING 2 coppery potions.
   668 | D:1      | 668 ||| READING 2 scrolls of identify.
   668 | D:1      | 668 ||| IDENTIFYING grey potion
   669 | D:1      | 669 ||| DROPPING scroll of poison.
   709 | D:2      | Reached skill level 3 in Ranged Weapons
   788 | D:2      | Reached XP level 3. HP: 20/20 MP: 4/4
   855 | D:2      | 855 ||| FLEEEEING.
   861 | D:2      | 861 ||| FLEEEEING.
   953 | D:2      | Noticed Natasha
   962 | D:2      | Killed Natasha
   963 | D:2      | Reached skill level 4 in Ranged Weapons
   963 | D:2      | Reached XP level 4. HP: 21/26 MP: 5/5
  1083 | D:2      | Noticed Jessica
  1099 | D:2      | Killed Jessica
  1366 | D:2      | Noticed Natasha
  1373 | D:2      | HP: 6/26 [Natasha (5)]
  1376 | D:2      | Killed from afar by Natasha

Levels and vault maps discovered:
D:1:      heliophobic_arrival_battle_scene, layout_loops_ring,
          hellmonk_ecumenical_altar_slurped_away
D:2:      layout_basic, dreamdust_mushroom_princess, uniq_natasha, uniq_jessica

Skill      XL: |  1  2  3 |
---------------+----------+-----
Ranged Weapons | 3 4 |  4.6
Fighting       | 2 |  2.0
Dodging        | |  1.5
Spellcasting   | |  1.0
Hexes          | |  2.6

Action                     |  1- 3 |  4- 6 || total
---------------------------+-------+-------++-------
   Fire: Sling             |    87 |    45 ||   132
    Use: Scroll            |     4 |       ||     4
         Potion            |     1 |       ||     1
 Armour: Robe              |     7 |     7 ||    14
  Dodge: Dodged            |    24 |    16 ||    40

Table legend:
 A = Non-vault XP
 B = Vault XP
 C = Vault XP percentage of total XP
 D = Non-vault monster count
 E = Vault monster count
 F = Vault count percentage of total count
                 A         B        C        D         E       F
            +---------+---------+-------+---------+---------+-------
      Total |      82 |      74 |  47.4 |      25 |       3 |  10.7
            +---------+---------+-------+---------+---------+-------
        D:1 |      12 |       2 |  14.3 |       5 |       1 |  16.7
        D:2 |      70 |      72 |  50.7 |      20 |       2 |   9.1
            +---------+---------+-------+---------+---------+-------
